 Dungeon Crawl Stone Soup version 0.18-a0-888-gdb73dea (webtiles) character file.

11544359 P0WERM0DE the Impregnable (level 27, 463/463 HPs)
             Began as a Demonspawn Wanderer on Dec 22, 2015.
             Was an Initiate of Gozag.
             Escaped with the Orb
             ... and 15 runes on Dec 23, 2015!
             The game lasted 07:12:21 (142109 turns).

P0WERM0DE the Impregnable (Demonspawn Wanderer)   Turns: 142109, Time: 07:12:21

Health: 463/463    AC: 61    Str: 27      XL:     27
Magic:  29/40      EV: 36    Int: 14 (16) God:    Gozag
Gold:   368        SH: 16    Dex: 21      Spells: 14 memorised, 0 levels left

rFire  + + +     SeeInvis +     a - +18 lance "Wyrmbane" {slay drac, +Rage rPois rF+ AC+5}
rCold  + + +     Gourm    .     j - +14 crystal plate armour
rNeg   + . .     Faith    .     i - +0 shield "Xowioxu" {+Blink rF++ rC+++ Str-4}
rPois  +         Spirit   +     (helmet unavailable)
rElec  +         Dismiss  .     Q - +2 cloak
rCorr  +         Reflect  .     g - +2 pair of gloves {Str+3}
SustAt .         Harm     .     C - +2 pair of boots {Fly}
MR     +++..                    v - amulet "Qulong" {Spirit rF+ rC+ Str+3}
Stlth  ..........               P - ring of Dururecuxa {rN+ MP-9 Slay+5 Stlth+}
                                h - ring of Elyvilon's Favour {Wiz MR+ Str+4 Slay+3}

@: mighty, agile, berserking, phasing, resistant, flying, very slightly
contaminated, regenerating, hasted, glowing, repel missiles, bribing [the
Dungeon], very quick, extremely resistant to hostile enchantments, extremely
unstealthy
A: antennae 3, beak, repulsion field 3, demonic guardian 3, dopey 1, powered by
pain 3, robust 3, weak 1, evolution 1
a: Potion Petition, Call Merchant, Bribe Branch, Renounce Religion, Evoke Blink,
Evoke Berserk Rage, Stop Flying
0: Orb of Zot
}: 15/15 runes: decaying, serpentine, slimy, silver, golden, iron, obsidian,
icy, bone, abyssal, demonic, glowing, magical, fiery, dark


You escaped.
You worshipped Gozag.
Gozag was noncommittal.
You were not hungry.

You visited 17 branches of the dungeon, and saw 92 of its levels.
You visited Pandemonium 2 times, and saw 38 of its levels.
You visited the Abyss 3 times.
You also visited: Labyrinth and Wizlab.

You collected 60459 gold pieces.
You spent 12768 gold pieces at shops.
You paid 46921 gold pieces to Gozag.

Inventory:

Hand Weapons
 a - the +18 lance "Wyrmbane" (weapon) {slay drac, +Rage rPois rF+ AC+5}
   (You bought it in a shop on level 5 of the Dungeon)

   It affects your AC (+5).
   It protects you from fire.
   It protects you from poison.
   It lets you go berserk.
 Z - a +2 demon trident of distortion
Armour
 g - a +2 pair of gloves of strength (worn)
 i - the +0 shield "Xowioxu" (worn) {+Blink rF++ rC+++ Str-4}
   (You bought it in a shop on level 8 of the Dungeon)

   It affects your strength (-4).
   It greatly protects you from fire.
   It renders you almost immune to cold.
   It lets you blink.
 j - a +14 crystal plate armour (worn)
 C - a +2 pair of boots of flying (worn)
 Q - a +2 cloak (worn)
Rods
 O - a +4 rod of shadows (14/14)
   (You took it off a deep elf demonologist on level 3 of the Elven Halls)
Jewellery
 h - the ring of Elyvilon's Favour (left hand) {Wiz MR+ Str+4 Slay+3}
   (You found it on level 5 of the Vaults)

   [ring of wizardry]

   It improves your spell success rate.
   It affects your strength (+4).
   It affects your accuracy and damage with ranged weapons and melee attacks
   (+3).
   It affects your resistance to hostile enchantments.
 k - the ring of Secrets {rN+++ Str+2 Dex-5 SInv Stlth+}
   (You bought it in a shop on level 8 of the Dungeon)

   [ring of see invisible]

   It affects your strength (+2).
   It affects your dexterity (-5).
   It renders you almost immune to negative energy.
   It lets you see invisible.
   It makes you more stealthy.
 s - the ring "Osasm" {rElec rF+ rC+ rN+ Int+4}
   (You found it in Pandemonium)

   [ring of intelligence]

   It affects your intelligence (+4).
   It protects you from fire.
   It protects you from cold.
   It insulates you from electricity.
   It protects you from negative energy.
 v - the amulet "Qulong" (around neck) {Spirit rF+ rC+ Str+3}
   (You found it on level 6 of the Pits of Slime)

   [amulet of guardian spirit]

   It causes incoming damage to be split between your health and magic.
   It affects your strength (+3).
   It protects you from fire.
   It protects you from cold.
 E - an uncursed ring of teleportation
 P - the ring of Dururecuxa (right hand) {rN+ MP-9 Slay+5 Stlth+}
   (You found it on level 7 of Tartarus)

   [ring of stealth]

   It affects your accuracy and damage with ranged weapons and melee attacks
   (+5).
   It protects you from negative energy.
   It affects your magic capacity (-9).
   It makes you more stealthy.
 T - the ring of Shadows {Umbra +Inv rN+ SInv}
   (You found it on level 5 of the Vaults)

   [ring of invisibility]

   It protects you from negative energy.
   It lets you see invisible.
   It lets you turn invisible.
 Y - the ring "Kyemohigg" {*Confuse +Blink rF+ rN++ Int+4}
   (You found it on level 7 of Gehenna)

   [ring of protection from fire]

   It affects your intelligence (+4).
   It protects you from fire.
   It greatly protects you from negative energy.
   It lets you blink.
   It may confuse you when you take damage.
Wands
 t - a wand of hasting (2/9)
 u - a wand of heal wounds (2/9)
 A - a wand of teleportation (2/9)
 L - a wand of digging (16/24)
 N - a wand of heal wounds (8/9)
Scrolls
 c - 18 scrolls of teleportation
 m - 9 scrolls of blinking
 o - 15 scrolls of identify
 x - 10 scrolls of fog
 B - 7 scrolls of recharging
 G - 9 scrolls of magic mapping
 M - 10 scrolls of fear
 X - 15 scrolls of remove curse
Potions
 l - 14 potions of heal wounds
 n - 5 potions of resistance
 p - 2 potions of cure mutation
 z - 9 potions of magic
 F - 8 potions of haste
 J - 3 potions of cancellation
 K - 19 potions of curing
 R - 6 potions of agility
Books
 f - Sif Muna's Compendium of Fire
   (You found it on level 7 of the Iron City of Dis)

   Spells                             Type                      Level
   a - Conjure Flame                  Conjuration/Fire             3
   b - Inner Flame                    Hexes/Fire                   3
   c - Bolt of Magma                  Conjuration/Fire/Earth       5
Miscellaneous
 b - a piece from Xom's chessboard
 d - the horn of Geryon
 e - an ornate deck of defence {the Elixir}
 q - a fan of gales
 r - a disc of storms
 y - an ornate deck of escape {Warpwright, drawn: 2}
 D - an ornate deck of summoning {the Elements}
 H - a lantern of shadows
 I - a piece from Xom's chessboard
 U - 3 phantom mirrors
 V - a crystal ball of energy
Comestibles
 S - 3 meat rations
 W - 8 bread rations


   Skills:
 - Level 24.1 Fighting
 - Level 14.0 Polearms
 - Level 1.7 Throwing
 - Level 25.1 Armour
 - Level 17.1 Dodging
 - Level 1.0 Stealth
 - Level 16.0 Shields
 - Level 22.5 Spellcasting
 - Level 14.2 Charms
 - Level 23.0 Translocations
 * Level 15.6 Transmutations
 - Level 18.9 Air Magic
 - Level 17.1 Earth Magic
   Level 2.0 Poison Magic
 - Level 8.4 Evocations


You couldn't memorise any spells.
You knew the following spells:

 Your Spells              Type           Power        Failure   Level  Hunger
a - Apportation           Tloc           ######....   0%          1    None
b - Blink                 Tloc           N/A          0%          2    None
c - Sublimation of Blood  Necr           ###.......   14%         2    None
d - Regeneration          Chrm/Necr      #####.....   1%          3    None
e - Haste                 Chrm           ######..     4%          6    #####..
f - Controlled Blink      Tloc           N/A          9%          8    #######
g - Silence               Hex/Air        #####.....   6%          5    ###....
h - Chain Lightning       Conj/Air       #####.....   100%        8    #######
i - Orb of Destruction    Conj           ###.......   100%        7    ######.
j - Summon Forest         Summ/Tloc      #####.....   2%          5    ###....
k - Statue Form           Trmt/Erth      ######...    1%          6    #####..
q - Phase Shift           Tloc           ######....   1%          5    ###....
x - Passage of Golubria   Tloc           N/A          1%          4    None
z - Tornado               Air            ######....   99%         9    #######


Dungeon Overview and Level Annotations

Branches:
Dungeon (15/15)            Temple (0/1) D:7            Lair (8/8) D:8
  Swamp (4/4) Lair:5        Snake (4/4) Lair:6        Slime (6/6) Lair:7
    Orc (2/2) D:12            Elf (3/3) Orc:2        Vaults (5/5) D:14
  Crypt (3/3) Vaults:2       Tomb (3/3) Crypt:3      Depths (5/5) D:15
   Hell (1/1)                 Dis (7/7) Hell            Geh (7/7) Hell
    Coc (7/7) Hell            Tar (7/7) Hell            Zot (5/5) Depths:5

Altars:
Gozag
Kikubaaqudgha
Makhleb
Nemelex Xobeh
Okawaru
Pakellas
Ru
Sif Muna
Yredelemnul
Beogh
Jiyva

Shops:
D:5 (   D:6 *   D:8 %[==[*[%=[[[=*=[   Orc:1 (:*   Orc:2 [!?(   Elf:1 (
Snake:4 *   Vaults:1 (   Vaults:2 ?!   Hell =   Zot:5 %   Depths:4 ?

Portals:
Hell: Lair:8 Depths:1 Depths:2 Depths:3 Depths:4 Depths:5
Abyss: Depths:3 Depths:4
Pandemonium: Depths:3
Ziggurat: Depths:1

Annotations:
D:4 P0WERM0DE's ghost, amateur OgAK
D:6 Dowan
D:12 1 runed door


Innate Abilities, Weirdness & Mutations

You have a pair of large antennae on your head (SInv).
You are surrounded by a strong repulsion field (EV +4, rMsl).
A powerful demonic guardian rushes to your aid.
You are powered by pain.
You are extremely robust (+30% HP).
You have a beak for a mouth.
You are dopey. (Int -2)
You are weak. (Str -2)
You evolve.


Message History

As you open the door, it creaks loudly!
There is an open door here.
Casting: Summon Forest
Confirm with . or Enter, or press ? or * to list all spells.
A forested plane collides here with a resounding crunch!
Your dryad calls out to the forest.
The forest starts to sway and rumble!
You swap places.
There is an open door here.
There is a staircase leading out of the dungeon here.
Casting: Summon Forest
Confirm with . or Enter, or press ? or * to list all spells.
Okay, then.
Casting: Summon Forest
Confirm with . or Enter, or press ? or * to list all spells.
Okay, then.
A red film seems to cover your vision as you go berserk!
You feel yourself moving faster!
You feel mighty!
You feel a strong urge to attack something.
You have escaped!

......)...# ######
#########.# #.# ######
#.######## #.....
#.##.....### #######.....
#.#........###)..........
##.#...##+#..##.##########
#.....♣#♣.##.♣#.♣#
##.#.#.+.3@.'.##..##
##....§.♣#♣.##.A....##
#§§≈≈≈≈.§♣♣R#..≈≈≈≈..##
#.§§≈≈§≈......≈≈≈≈≈≈..##
#§≈≈≈≈≈§......≈≈≈≈≈≈.#.##
#.≈≈§≈§≈......≈≈≈≈≈≈.##.####
#..≈§≈§...♣#...≈≈≈≈..#......
##......§♣##♣.......########
##.♣♣#.#####..######


You could see a neutral angel (wandering), a friendly dryad and a friendly smoke
demon.

Vanquished Creatures
  Cerebov (Pan)
  Antaeus (Coc:7)
  Asmodeus (Geh:7)
  the Royal Jelly (Slime:6)
  Gloorx Vloq (Pan)
  A seraph (Pan)
  the Serpent of Hell (Coc:7)
  Mnoleg (Pan)
  Dispater (Dis:7)
  4 ancient liches
  4 orbs of fire
  Mara (Depths:4)
  Mennas (Depths:3)
  A juggernaut (Depths:2)
  17 greater mummies
  Sojobo (Depths:2)
  The ghost of sefie the Wrestler, a veteran TrWz of Makhleb (Crypt:3)
  4 iron giants (Dis:7)
  10 shard shrikes
  Saint Roka (Depths:4)
  2 curse toes
  2 Killer Klowns
  2 caustic shrikes
  12 golden dragons
  9 pandemonium lords (Pan)
  Norris (Snake:3)
  Geryon (Hell)
  Nikola (Vaults:1)
  A profane servitor (Crypt:3)
  Jory (Crypt:3)
  7 bone dragons
  2 pearl dragons (Pan)
  19 Brimstone Fiends
  11 liches
  32 doom hounds
  12 Hell Sentinels
  16 tentacled monstrosities
  20 Ice Fiends
  20 Orb Guardians
  10 titans
  3 quicksilver dragons
  Asterion (Snake:4)
  9 death cobs
  3 deep elf blademasters
  Murray (Hell)
  2 deep elf master archers (Elf:3)
  A kraken (Abyss:4)
  10 acid blobs
  3 eldritch tentacles
  3 thorn hunters (Swamp:4)
  14 Shadow Fiends
  9 ancient champions
  26 Executioners
  10 sphinxes
  A storm dragon (shapeshifter) (Depths:2)
  9 shadow dragons
  9 tengu reavers
  9 greater nagas
  8 tentacled starspawn
  17 storm dragons
  8 azure jellies
  7 draconian monks
  3 revenants
  6 deep elf sorcerers
  19 vault wardens
  17 daevas
  Maud (D:13)
  2 draconian knights
  11 fire giants
  14 frost giants
  An orc warlord (Orc:2)
  A ghost moth (Zot:4)
  19 cacodemons (Pan)
  10 iron dragons
  12 warmongers (Pan)
  Aizul (Depths:3)
  5 draconian scorchers
  27 balrugs
  32 angels (Pan)
  4 curse skulls
  6 draconian shifters
  2 deep elf elementalists (Elf:3)
  Louise (Snake:2)
  13 ghouls
  3 draconian zealots
  3 spriggan defenders
  21 stone giants
  6 draconian annihilators
  14 ironheart preservers
  35 reapers
  16 war gargoyles
  17 ophanim (Pan)
  4 vampire knights
  6 blood saints (Pan)
  3 elemental wellsprings (Coc:7)
  11 starcursed masses
  14 very ugly things
  10 green draconians
  3 deep elf demonologists (Elf:3)
  19 apis (Pan)
  6 deep elf annihilators
  4 draconian callers
  4 salamander stormcallers
  8 corrupters (Pan)
  5 bennus (Tomb:2)
  7 chaos champions (Pan)
  A dire elephant (Lair:8)
  11 red draconians
  8 lorocyprocas
  11 black draconians
  12 black suns (Pan)
  13 white draconians
  8 yellow draconians
  11 mottled draconians
  3 purple draconians
  4 eidola
  14 green deaths (Pan)
  16 ettins
  11 deep elf death magi
  2 crystal guardians
  26 mummy priests
  27 blizzard demons
  A minotaur (Lab)
  6 spark wasps
  3 fire dragons
  4 death oozes (Slime:6)
  A deep elf high priest (Elf:3)
  30 vault guards
  Josephine (D:12)
  A kraken zombie (Coc:2)
  19 yaktaur captains
  20 jiangshi
  3 entropy weavers
  11 great orbs of eyes
  4 hell beasts (Pan)
  3 quicksilver dragon skeletons
  28 ice dragons
  16 naga warriors
  34 hydras
  14 monstrous demonspawn (Pan)
  19 centaur warriors
  9 rakshasas
  An iron giant zombie (Depths:4)
  3 spriggan air magi (Depths:2)
  5 anacondas
  3 ghost crabs
  An anaconda (shapeshifter) (Vaults:2)
  7 death knights
  A catoblepas (D:13)
  18 ogre magi
  A spectral fire giant (Crypt:3)
  11 death yaks (Lair:7)
  9 vampire magi
  7 tengu warriors
  9 thrashing horrors
  An iron giant skeleton (Crypt:2)
  7 orc high priests
  2 alligators (Swamp:1)
  13 hell hogs
  11 deep troll shamans
  A queen ant (Lair:2)
  6 holy swine (Pan)
  5 deep troll earth magi
  Urug (D:10)
  7 spriggan berserkers
  6 titan zombies
  15 naga sharpshooters
  68 sun demons
  10 shock serpents
  6 iron golems
  A storm dragon zombie (Dis:7)
  34 deep elf knights
  16 hell knights
  56 soul eaters
  3 fire crabs
  15 iron trolls
  3 titan skeletons
  4 wretched stars
  2 death drakes
  2 spatial maelstroms
  4 golden dragon zombies
  29 deep trolls
  2 salamander mystics (Snake:4)
  98 skeletal warriors
  3 storm dragon skeletons
  3 ghost moth zombies
  An orange crystal statue (Depths:1)
  5 anaconda zombies
  4 unseen horrors
  7 naga ritualists
  17 shadow wraiths
  2 spark wasp zombies (Depths:4)
  3 spriggan druids
  17 ironbrand convokers
  8 swamp dragons
  2 kraken simulacra
  12 infernal demonspawn (Pan)
  12 putrid demonspawn (Pan)
  16 flayed ghosts
  3 hill giants
  27 deep elf archers
  10 phantasmal warriors
  10 mana vipers
  4 lindwurms (Lair:5)
  13 torturous demonspawn
  An anaconda skeleton (Coc:2)
  9 harpies
  4 shadow dragon zombies
  19 cherubim (Pan)
  11 wizards
  19 shadow demons
  4 golden dragon skeletons
  An orb spider (shapeshifter) (Vaults:3)
  44 anubis guards
  4 orc sorcerers
  6 giant orange brains
  5 iron dragon zombies
  20 gelid demonspawn (Pan)
  A sphinx zombie (Depths:4)
  8 stone giant zombies
  20 necromancers
  3 wolf spider zombies
  3 frost giant zombies
  3 shadow dragon skeletons
  2 hornets
  5 shining eyes
  An orb spider (Abyss:2)
  89 deep elf magi
  4 cyclopes
  20 orc knights
  A wolf spider (Vaults:5)
  43 ugly things
  3 fire giant zombies
  23 moths of wrath
  4 griffons
  A tengu skeleton (Depths:4)
  A sphinx skeleton (Vaults:3)
  A mana viper (shapeshifter) (Depths:1)
  3 iron dragon skeletons
  2 worldbinders (Abyss:2)
  An oklob plant (Swamp:2)
  14 salamanders
  38 sixfirhies
  A shining eye (shapeshifter) (Depths:4)
  A salamander (shapeshifter) (Vaults:5)
  15 guardian serpents
  2 spriggan zombies
  38 black mambas
  4 frost giant skeletons
  2 human skeletons
  22 elephants
  4 fire giant skeletons
  4 stone giant skeletons
  3 eyes of devastation
  2 ice statues
  14 vault sentinels
  42 orange demons
  31 naga magi
  5 dire elephant zombies
  39 smoke demons
  A torpor snail (Lair:3)
  4 apocalypse crabs
  34 rust devils
  3 molten gargoyles (Geh:7)
  A storm dragon simulacrum (Vaults:1)
  A gargoyle (D:15)
  2 titan simulacra
  A catoblepas zombie (Geh:5)
  2 dire elephant skeletons
  2 centaur skeletons
  6 efreet
  An emperor scorpion zombie (Coc:7)
  A spiny frog (shapeshifter) (Vaults:2)
  28 ice devils
  3 spectral swamp worms (Depths:2)
  12 komodo dragons
  4 fire drakes
  22 hellwings
  32 tormentors
  44 yaktaurs
  31 freezing wraiths
  A yaktaur (shapeshifter) (Depths:4)
  50 large abominations
  19 demonic crawlers
  A kobold demonologist (D:10)
  22 guardian mummies
  A mottled draconian skeleton (Crypt:3)
  An anaconda simulacrum (Coc:1)
  16 hellions
  23 spiny frogs
  8 giant leeches
  A jumping spider (Depths:2)
  3 tengu conjurers
  2 yaktaur skeletons
  A yellow draconian skeleton (Tar:2)
  3 polar bears
  39 red devils
  28 two-headed ogres
  2 harpy zombies
  2 silent spectres
  9 ancient zymes
  A jumping spider (shapeshifter) (Vaults:4)
  9 trolls
  11 hydra zombies
  2 harpy skeletons
  16 raiju
  A troll (shapeshifter) (Depths:2)
  6 bog bodies
  A blink frog (shapeshifter) (Depths:5)
  5 fire dragon zombies
  5 ettin zombies
  6 hydra skeletons
  A frost giant simulacrum (Depths:1)
  15 ushabtiu
  Grinder (D:6)
  5 boulder beetles
  5 ice dragon zombies
  A fire giant simulacrum (Crypt:2)
  23 blink frogs
  3 air elementals
  2 human simulacra
  147 slime creatures
  4 redbacks
  4 trapdoor spiders
  A trapdoor spider (shapeshifter) (Vaults:1)
  4 alligator zombies
  14 spriggans
  3 fire dragon skeletons
  116 flying skulls
  A black mamba zombie (Tar:7)
  16 vampires
  A griffon skeleton (Crypt:2)
  A deep troll skeleton (Depths:1)
  6 ettin skeletons
  17 shadows
  2 wyverns
  A shock serpent simulacrum (Hell)
  4 alligator skeletons
  17 water elementals
  24 wraiths
  62 yaks
  5 hill giant zombies (WizLab)
  A black mamba skeleton (Tar:7)
  2 ice dragon skeletons
  11 vampire mosquitoes
  8 basilisks
  23 fire elementals
  6 golden eyes (Slime:2)
  A yak (shapeshifter) (Vaults:2)
  25 ynoxinuls
  6 wolves
  A hippogriff (shapeshifter) (Depths:5)
  A golden eye (shapeshifter) (Abyss:2)
  5 hungry ghosts
  15 hippogriffs
  8 soldier ants
  33 neqoxecs
  A redback simulacrum (D:14)
  8 wargs
  12 insubstantial wisps
  23 small abominations
  A soldier ant (shapeshifter) (Vaults:5)
  Edmund (D:5)
  20 swamp worms
  21 chaos spawn
  24 hell hounds
  88 nagas
  2 spatial vortices
  11 spiny frog zombies
  12 water moccasins
  2 hydra simulacra
  3 mottled dragons
  16 porcupines
  A black mamba simulacrum (Abyss:2)
  47 orc warriors
  An ettin simulacrum (Crypt:3)
  17 ice beasts
  15 necrophages
  9 swamp drakes
  A swamp dragon zombie (Geh:6)
  3 snapping turtle zombies
  10 wasps
  2 elf zombies
  9 eyes of draining
  A black bear (D:11)
  A spiny frog skeleton (Coc:7)
  9 sky beasts
  22 centaurs
  A manticore skeleton (Crypt:1)
  2 snapping turtle skeletons
  6 boggarts
  74 ogres
  10 phantoms
  A swamp dragon skeleton (Coc:2)
  11 crocodiles
  2 human zombies
  A salamander skeleton (Crypt:1)
  3 earth elementals
  24 giant frogs
  A spiny frog simulacrum (Coc:7)
  A wyvern zombie (D:13)
  4 big kobolds
  An elf skeleton (Tar:5)
  A wyvern skeleton (D:13)
  3 killer bees (D:8)
  6 scorpions
  A scorpion (shapeshifter) (Vaults:2)
  41 wights
  7 troll zombies (WizLab)
  A queen bee zombie (Crypt:1)
  5 electric eels
  5 lava snakes
  7 centaur zombies
  A wyvern simulacrum (D:14)
  2 quasits
  6 hounds
  28 orc wizards
  A wasp zombie (D:10)
  15 crimson imps
  14 iron imps
  A wolf skeleton (Crypt:2)
  28 jellies
  5 giant frog skeletons
  A giant frog zombie (D:11)
  Ijyb (D:3)
  39 orc priests
  A gnoll shaman (Orc:1)
  13 iguanas
  34 worker ants
  A troll simulacrum (Crypt:1)
  2 hell rats
  5 ogre zombies (WizLab)
  20 sheep
  3 tengu zombies
  A hound zombie (D:9)
  30 mummies
  A worker ant zombie (D:5)
  48 river rats
  16 adders
  14 gnolls
  12 shadow imps
  A swamp drake zombie (Crypt:1)
  15 white imps
  2 oozes
  A worm (D:2)
  4 adder skeletons
  116 orcs
  A ball python (D:1)
  10 goblins
  11 hobgoblins
  31 kobolds
  5 quokkas
  A ball python zombie (Crypt:2)
  6 bats
  6 giant cockroaches
  A giant cockroach zombie (Crypt:1)
  7 giant geckos
  6 giant newts
  A goblin skeleton (Crypt:1)
  A kobold skeleton (Coc:7)
  A quokka skeleton (Crypt:2)
  3 quokka zombies
  14 rats
  A river rat skeleton (Crypt:2)
  3 briar patches (Swamp:4)
  3 fire vortices
  A plant (Zot:5)
  5 starspawn tentacles
  4 tentacles
4980 creatures vanquished.

Vanquished Creatures (collateral kills)
  Ereshkigal (Tar:7)
  Lom Lobon (Pan)
  An orb of fire (Zot:5)
  2 juggernauts
  2 ancient liches (Zot:5)
  A pandemonium lord (Pan)
  5 greater mummies
  the Lernaean hydra (Swamp:4)
  An iron giant (Dis:7)
  A Killer Klown (Zot:5)
  A golden dragon (Depths:2)
  the Enchantress (Depths:2)
  3 liches
  6 doom hounds
  An electric golem (Zot:5)
  3 Brimstone Fiends
  A hellephant (Abyss:4)
  3 Ice Fiends
  6 Orb Guardians (Zot:5)
  2 Shadow Fiends
  A sphinx (Tomb:1)
  2 acid blobs (Slime:6)
  A shadow dragon (Vaults:5)
  3 tengu reavers
  2 azure jellies (Slime:6)
  A draconian monk (Zot:5)
  3 storm dragons
  A revenant (Tomb:1)
  A frost giant (Depths:1)
  2 fire giants
  An iron dragon (Depths:1)
  A balrug (Geh:7)
  A cacodemon (Pan)
  A draconian zealot (Zot:5)
  3 ironheart preservers
  A vault warden (Vaults:4)
  A war gargoyle (Vaults:5)
  A stone giant (Dis:7)
  3 reapers
  3 very ugly things
  3 spriggan defenders
  A salamander stormcaller (Vaults:5)
  An apis (Pan)
  A green draconian (Zot:5)
  3 bennus
  2 corrupters (Pan)
  2 black draconians
  A yellow draconian (Depths:5)
  A red draconian (Zot:5)
  A mummy priest (Tomb:2)
  A jiangshi (Crypt:3)
  A deep elf death mage (Vaults:5)
  A vault guard (Vaults:4)
  2 death oozes (Slime:6)
  2 ice dragons (Depths:3)
  A yaktaur captain (Vaults:1)
  2 great orbs of eyes
  A quicksilver dragon skeleton (Tar:6)
  2 rakshasas
  A monstrous demonspawn (Pan)
  3 hydras
  2 ogre magi
  3 deep troll shamans
  A death knight (Depths:4)
  A centaur warrior (Depths:4)
  A deep troll earth mage (Depths:2)
  2 death yaks (Lair:7)
  2 tengu warriors
  A naga sharpshooter (Snake:4)
  6 soul eaters (Pan)
  9 sun demons
  A deep elf knight (Elf:2)
  2 hell knights
  An iron golem (Hell)
  A shadow wraith (Tar:7)
  7 skeletal warriors
  A wizard (Pan)
  2 iron trolls
  A swamp dragon (Swamp:4)
  An anaconda zombie (Dis:7)
  2 deep trolls
  3 shadow demons
  2 infernal demonspawn (Pan)
  2 phantasmal warriors
  A deep elf archer (Vaults:1)
  A golden dragon skeleton (Depths:4)
  A putrid demonspawn (Pan)
  A hill giant (D:11)
  3 large abominations
  2 torturous demonspawn (Pan)
  A stone giant zombie (Tar:4)
  4 necromancers
  2 anubis guards
  A deep elf mage (Vaults:4)
  7 ugly things
  A black mamba (Lair:7)
  2 shining eyes (Slime:2)
  2 moths of wrath
  An orange demon (Pan)
  2 spectral swamp worms (Depths:2)
  An eye of devastation (Slime:6)
  2 hellions (Geh:7)
  2 tormentors
  3 yaktaurs (Depths:2)
  A smoke demon (Pan)
  2 komodo dragons
  3 freezing wraiths
  An ancient zyme (Abyss:4)
  A harpy zombie (Coc:7)
  An ice devil (Tar:7)
  4 two-headed ogres
  4 guardian mummies
  A demonic crawler (Pan)
  A red devil (Pan)
  An efreet (Abyss:4)
  4 raiju (Abyss:4)
  A hydra skeleton (Tar:7)
  An alligator zombie (Tar:2)
  4 ushabtiu (Tomb:3)
  18 slime creatures
  A vampire (Tar:6)
  2 flying skulls (Crypt:3)
  An ettin skeleton (Pan)
  An alligator skeleton (Hell)
  A ynoxinul (Abyss:4)
  2 shadows
  2 wraiths
  4 golden eyes (Slime:2)
  A yak (D:12)
  3 chaos spawn
  A catoblepas simulacrum (Coc:6)
  A hippogriff (D:9)
  2 neqoxecs (Pan)
  A hungry ghost (D:8)
  2 hell hounds (Hell)
  A swamp worm (Lair:5)
  3 spiny frog zombies
  A water moccasin (D:8)
  A naga (Snake:4)
  A phantom (D:10)
  A spiny frog skeleton (Tar:2)
  9 ogres
  An eye of draining (Pan)
  2 centaurs (Depths:2)
  A wight (Tar:2)
  A crimson imp (D:5)
  2 starcursed masses (Abyss:4)
  3 orc priests
  2 jellies (Slime:2)
  2 orc wizards (D:7)
  4 iron imps (Dis:7)
  A worker ant (Lair:2)
  3 hell rats (Hell)
  A sheep (Lair:3)
  A centaur simulacrum (Hell)
  5 mummies
  4 river rats
  A white imp (Lair:8)
  A giant gecko (D:6)
  12 orcs
  A kobold (D:11)
  A giant newt (D:5)
  An orc skeleton (Tar:2)
  A fire vortex (Pan)
  A starspawn tentacle (Abyss:4)
345 creatures vanquished.

Vanquished Creatures (others)
  A pandemonium lord (Pan)
  2 liches
  3 eldritch tentacles
  A greater naga (Snake:4)
  A merfolk impaler (Pan)
  A fire giant (Depths:4)
  2 corrupters (Pan)
  A draconian knight (Zot:2)
  2 elemental wellsprings (Coc:7)
  A green draconian (Zot:1)
  A deep elf annihilator (Elf:3)
  A blood saint (Pan)
  29 dancing weapons
  A vampire mage (Depths:1)
  2 skeletal warriors
  A storm dragon skeleton (Coc:7)
  An unseen horror (Vaults:1)
  3 deep elf archers
  An anaconda skeleton (Geh:7)
  A wizard (Pan)
  An anubis guard (Tomb:3)
  5 deep elf magi
  An ugly thing (Depths:2)
  A salamander (Geh:2)
  2 moths of wrath
  A rust devil (Dis:7)
  2 hellwings (Pan)
  A hydra skeleton (Hell)
  A ynoxinul (Pan)
  A small abomination (Abyss:4)
  3 neqoxecs (Pan)
  A wraith (Geh:7)
  A hell hound (Hell)
  A naga (Snake:2)
  4 ogres
  A tengu (Pan)
  A wight (Coc:5)
  A spriggan skeleton (Geh:2)
  An iron imp (Dis:7)
  A jelly (D:5)
  A hell rat (Hell)
  3 mummies
  3 ball lightnings (Pan)
  5 orcs
  A giant newt (D:5)
  A briar patch (Swamp:4)
  A demonic plant (Pan)
  356 eldritch tentacle segments
  A fire vortex (Pan)
  43 fungi
  9 lost souls
  17 plants
  15 starspawn tentacles
  64 starspawn tentacle segments
  22 tentacles
  292 tentacle segments
921 creatures vanquished.

Grand Total: 6246 creatures vanquished

Notes
Turn   | Place    | Note
--------------------------------------------------------------
     0 | D:1      | P0WERM0DE the Demonspawn Wanderer began the quest for the Orb.
     0 | D:1      | P0WERM0DE set off with: a book of Spatial Translocations, the Volume of Contamination, a scroll of teleportation, a +0 robe, a +0 club, a bread ration
     0 | D:1      | Reached XP level 1. HP: 15/15 MP: 2/2
     0 | D:1      | Identified the Volume of Contamination
     2 | D:1      | Learned a level 1 spell: Apportation
   635 | D:1      | Gained mutation: You have a pair of small antennae on your head. [demonic ancestry]
   635 | D:1      | Reached XP level 2. HP: 22/22 MP: 3/3
   971 | D:2      | Learned a level 2 spell: Blink
  1042 | D:2      | Reached skill level 3 in Fighting
  1049 | D:2      | Gained mutation: A weak demonic guardian rushes to your aid. [demonic ancestry]
  1049 | D:2      | Reached XP level 3. HP: 7/29 MP: 4/4
  1093 | D:2      | Found a faded altar to an unknown god.
  1264 | D:2      | Became a worshipper of Gozag Ym Sagoz the Greedy
  2138 | D:3      | Reached skill level 4 in Fighting
  2138 | D:3      | Reached XP level 4. HP: 28/37 MP: 5/5
  2406 | D:3      | You fall through a shaft for 3 floors!
  2406 | D:6      | Noticed a phantom
  2414 | D:5      | Entered Level 5 of the Dungeon
  2430 | D:5      | Noticed a phantom
  2438 | D:5      | Found Iffom's Weapon Shoppe.
  3016 | D:5      | Reached skill level 5 in Fighting
  3016 | D:5      | Reached XP level 5. HP: 20/44 MP: 6/6
  3500 | D:5      | Noticed an ice beast
  3521 | D:5      | Killed an ice beast
  3697 | D:5      | Noticed a centaur
  3715 | D:5      | Killed a centaur
  3715 | D:5      | Reached skill level 6 in Fighting
  3715 | D:5      | Gained mutation: You have a pair of antennae on your head. [demonic ancestry]
  3715 | D:5      | Reached XP level 6. HP: 13/53 MP: 7/7
  4119 | D:5      | Noticed Edmund
  4361 | D:5      | Reached skill level 7 in Fighting
  4598 | D:5      | Gained mutation: You are surrounded by a mild repulsion field (EV +2). [demonic ancestry]
  4598 | D:5      | Reached XP level 7. HP: 41/60 MP: 8/8
  4822 | D:5      | Killed Edmund
  4822 | D:5      | Reached skill level 8 in Fighting
  5198 | D:5      | Found a sacrificial altar of Ru.
  5870 | D:4      | Reached skill level 9 in Fighting
  5898 | D:4      | Noticed P0WERM0DE's ghost (amateur OgAK)
  6038 | D:5      | Gained mutation: You sometimes gain a little power by taking damage. [demonic ancestry]
  6038 | D:5      | Reached XP level 8. HP: 56/71 MP: 9/9
  6460 | D:6      | Noticed Grinder
  6466 | D:6      | Reached skill level 10 in Fighting
  7810 | D:3      | Noticed Ijyb
  7833 | D:3      | Killed Ijyb
  8046 | D:5      | Bought the +8 lance "Wyrmbane" {slay drac, +Rage rPois rF+ AC+5} for 1028 gold pieces
  8326 | D:6      | Found an opulent altar of Gozag.
  8332 | D:6      | Found Gozag's Platinum Reserve.
  8400 | D:6      | Reached skill level 1 in Polearms
  8669 | D:6      | Killed Grinder
  8669 | D:6      | Reached XP level 9. HP: 33/78 MP: 10/10
  8781 | D:6      | Noticed Dowan
  8915 | D:7      | Found an oddly glowing altar of Pakellas.
  8980 | D:7      | Found a sacrificial altar of Ru.
  9092 | D:7      | Reached skill level 5 in Polearms
  9359 | D:7      | Found a staircase to the Ecumenical Temple.
 10026 | D:8      | Found a deep blue altar of Sif Muna.
 10683 | D:8      | Reached XP level 10. HP: 63/85 MP: 11/11
 10946 | D:8      | Found a staircase to the Lair.
 11601 | D:9      | Reached skill level 10 in Polearms
 12164 | D:9      | Reached skill level 11 in Polearms
 12254 | D:10     | Entered Level 10 of the Dungeon
 12254 | D:10     | Noticed Urug
 12268 | D:10     | Killed Urug
 12426 | D:10     | Noticed a hill giant
 12438 | D:10     | Killed a hill giant
 12438 | D:10     | Gained mutation: You are surrounded by a moderate repulsion field (EV +3). [demonic ancestry]
 12438 | D:10     | Reached XP level 11. HP: 56/91 MP: 12/12
 12454 | D:10     | Identified a +2 pair of boots of running (You found it on level 10 of the Dungeon)
 12511 | D:10     | Learned a level 1 spell: Beastly Appendage
 12586 | D:10     | Learned a level 1 spell: Sting
 12591 | D:10     | Learned a level 4 spell: Passage of Golubria
 12809 | D:10     | Found Osawomer's Magic Scroll Shop.
 12813 | D:10     | Bought a scroll of blinking for 90 gold pieces
 12813 | D:10     | Bought a scroll of blinking for 90 gold pieces
 12813 | D:10     | Bought a scroll of fear for 42 gold pieces
 12813 | D:10     | Bought a scroll of teleportation for 36 gold pieces
 12813 | D:10     | Bought a scroll of fog for 24 gold pieces
 12813 | D:10     | Bought a scroll of identify for 24 gold pieces
 12989 | D:10     | Reached skill level 12 in Polearms
 13434 | D:10     | Learned a level 2 spell: Shroud of Golubria
 13628 | D:10     | Noticed a sun demon
 13633 | D:10     | Reached skill level 13 in Polearms
 13792 | D:11     | Noticed a hill giant
 14067 | D:11     | Killed a hill giant
 14106 | D:11     | Noticed a five-headed hydra
 14259 | D:11     | Found an ancient bone altar of Kikubaaqudgha.
 14539 | D:11     | Killed a five-headed hydra
 14707 | D:12     | Reached skill level 14 in Polearms
 14792 | D:12     | Noticed a hill giant
 14807 | D:12     | Killed a hill giant
 14940 | D:12     | Found a staircase to the Orcish Mines.
 14942 | D:12     | Noticed a centaur warrior
 14953 | D:12     | Found a runed door.
 14953 | D:12     | Noticed a sphinx
 14961 | D:12     | Noticed a centaur warrior
 14962 | D:12     | Noticed a phantasmal warrior
 14976 | D:12     | Killed a centaur warrior
 14976 | D:12     | Reached XP level 12. HP: 42/100 MP: 13/13
 15181 | D:12     | Killed a centaur warrior
 15289 | D:12     | Noticed a tengu reaver
 15627 | D:12     | Reached skill level 1 in Evocations
 15713 | D:12     | Noticed Josephine
 15741 | D:12     | Killed Josephine
 16051 | Orc:1    | Entered Level 1 of the Orcish Mines
 16051 | Orc:1    | Found Efucaen's Book Emporium.
 16130 | Orc:1    | Reached skill level 5 in Evocations
 16252 | Orc:1    | Found Archar's Weapon Shop.
 16376 | Orc:2    | Entered Level 2 of the Orcish Mines
 16412 | Orc:2    | Found a roughly hewn altar of Beogh.
 16478 | Orc:2    | Found a staircase to the Elven Halls.
 16491 | Orc:2    | Found a labyrinth entrance.
 16533 | Lab      | Entered a labyrinth
 16695 | Lab      | Noticed a minotaur
 16705 | Lab      | Killed a minotaur
 16734 | Lab      | Identified Sif Muna's Guide on Poisonous Transmigration
 17160 | Lair:1   | Entered Level 1 of the Lair of Beasts
 17185 | D:8      | Identified a +4 rod of the swarm (13/13) (You found it in a labyrinth)
 17203 | D:8      | Bought the ring of Equivalence {rF+ rC+} for 546 gold pieces
 17208 | D:8      | Bought a pair of glowing gloves for 121 gold pieces
 17249 | D:8      | Bought an embroidered robe for 18 gold pieces
 17333 | Lair:1   | Reached skill level 1 in Shields
 18141 | Lair:2   | Reached skill level 5 in Shields
 18175 | Lair:2   | Noticed a six-headed hydra
 18671 | Lair:2   | Reached XP level 13. HP: 58/109 MP: 17/17
 19349 | Lair:2   | Found an iron altar of Okawaru.
 19983 | Lair:3   | Reached skill level 5 in Dodging
 21089 | Lair:4   | Got a slimy dagger
 21094 | Lair:4   | Identified the cursed +2 dagger "Killer Klown's Curse" {freeze, MR+ MP+9 Int-2 SInv} (You found it on level 4 of the Lair of Beasts)
 22198 | Lair:5   | Found a staircase to the Swamp.
 23254 | Lair:6   | Got a jewelled morningstar
 23255 | Lair:6   | Identified the +2 morningstar "Beast's Death Toll" {flame, rN+ MR+} (You found it on level 6 of the Lair of Beasts)
 23710 | Lair:6   | Found a staircase to the Snake Pit.
 24184 | Lair:6   | Reached XP level 14. HP: 102/116 MP: 18/18
 24200 | Lair:7   | Found a staircase to the Slime Pits.
 24200 | Lair:7   | Found a viscous altar of Jiyva.
 24288 | Lair:7   | Reached skill level 10 in Dodging
 26481 | D:8      | Bought a brightly glowing ring mail for 243 gold pieces
 26491 | D:8      | Identified the cursed +1 ring mail "Pemyirchohe" {rC++} (You bought it in a shop on level 8 of the Dungeon)
 26506 | D:8      | Bought a twisted ring mail for 243 gold pieces
 26511 | D:8      | Identified the +1 ring mail of the Poles {rN+} (You bought it in a shop on level 8 of the Dungeon)
 26537 | D:8      | Bought a fine scale mail for 243 gold pieces
 26547 | D:8      | Identified the +3 scale mail "Xudiffeg" {rF+ MP+9 Int+3} (You bought it in a shop on level 8 of the Dungeon)
 26868 | Orc:1    | Reached skill level 1 in Armour
 28530 | Orc:2    | Reached skill level 5 in Armour
 29138 | Orc:2    | Found Heiryoh's Magic Scroll Emporium.
 29141 | Orc:2    | Found Rureq's Armour Emporium.
 29143 | Orc:2    | Found Puides's Distillery.
 29144 | Orc:2    | Found Fiynukk's Antique Weapon Emporium.
 29155 | Orc:2    | Bought a potion of heal wounds for 70 gold pieces
 29155 | Orc:2    | Bought a potion of curing for 42 gold pieces
 29155 | Orc:2    | Bought a potion of curing for 42 gold pieces
 29155 | Orc:2    | Bought a potion of curing for 42 gold pieces
 29155 | Orc:2    | Bought a potion of agility for 56 gold pieces
 29400 | Orc:2    | Noticed an orc warlord
 29502 | Orc:2    | Killed an orc warlord
 29904 | Orc:1    | Found Suuvej's Assorted Antiques.
 30221 | Orc:1    | Gained mutation: You are robust (+10% HP). [demonic ancestry]
 30221 | Orc:1    | Reached XP level 15. HP: 105/134 MP: 19/19
 30863 | D:13     | Noticed Maud
 30893 | D:13     | Killed Maud
 31933 | D:14     | Bought a meat ration for 60 gold pieces
 31933 | D:14     | Bought a beef jerky for 18 gold pieces
 31933 | D:14     | Bought a meat ration for 60 gold pieces
 31933 | D:14     | Bought a bread ration for 60 gold pieces
 31933 | D:14     | Bought a bread ration for 60 gold pieces
 31933 | D:14     | Bought 4 fruits for 72 gold pieces
 32156 | D:14     | Learned a level 5 spell: Phase Shift
 33126 | D:14     | Killed a sphinx
 33388 | D:14     | Reached skill level 10 in Armour
 33603 | D:14     | Found a gate to the Vaults.
 34022 | D:15     | Entered Level 15 of the Dungeon
 34440 | D:15     | Found a staircase to the Depths.
 35305 | Lair:8   | Entered Level 8 of the Lair of Beasts
 36819 | Lair:8   | Reached XP level 16. HP: 105/141 MP: 20/20
 37025 | Lair:8   | Found a burning altar of Makhleb.
 38045 | Lair:8   | Found a gateway to Hell.
 38466 | D:8      | Bought a slice of pizza for 16 gold pieces
 38466 | D:8      | Bought a bread ration for 55 gold pieces
 38466 | D:8      | Bought a bread ration for 55 gold pieces
 38466 | D:8      | Bought a bread ration for 55 gold pieces
 38466 | D:8      | Bought a beef jerky for 16 gold pieces
 38466 | D:8      | Bought 4 fruits for 66 gold pieces
 38466 | D:8      | Bought 2 fruits for 33 gold pieces
 38466 | D:8      | Bought a meat ration for 55 gold pieces
 38466 | D:8      | Bought a beef jerky for 16 gold pieces
 38466 | D:8      | Bought a meat ration for 55 gold pieces
 38466 | D:8      | Bought a slice of pizza for 16 gold pieces
 38612 | Swamp:1  | Entered Level 1 of the Swamp
 39490 | Swamp:1  | Got a shimmering marble ring
 39513 | Swamp:1  | Identified the ring of the Ban {+Fly rC+ Str+2 Dex-3} (You found it on level 1 of the Swamp)
 40782 | Swamp:2  | Got a transparent marble ring
 40784 | Swamp:2  | Identified the ring of Free Expression {-Tele *Corrode rN+++ Int+3 Stlth-} (You found it on level 2 of the Swamp)
 42757 | Swamp:4  | Entered Level 4 of the Swamp
 43298 | Swamp:4  | Reached skill level 15 in Fighting
 43351 | Swamp:4  | Identified Zaasiank's Reference Book on the Dusty Escort
 43862 | Swamp:4  | Noticed the 27-headed Lernaean hydra
 43870 | Swamp:4  | Killed the 27-headed Lernaean hydra
 43912 | Swamp:4  | Gained mutation: You are surrounded by a strong repulsion field (EV +4, rMsl). [demonic ancestry]
 43912 | Swamp:4  | Reached XP level 17. HP: 114/157 MP: 21/21
 43956 | Swamp:4  | Reached skill level 16 in Fighting
 44155 | Swamp:4  | Got a decaying rune of Zot
 44776 | D:8      | Bought the ring of Rekliov {MR+ EV+5} for 878 gold pieces
 45056 | Lair:5   | Identified a +1 pair of boots of running (You found it on level 5 of the Lair of Beasts)
 45078 | Lair:5   | Identified the Tome of Attacks and Heat
 45418 | Snake:1  | Entered Level 1 of the Snake Pit
 45960 | Snake:2  | Noticed Louise
 46027 | Snake:2  | Killed Louise
 46096 | Snake:2  | Reached skill level 17 in Fighting
 47579 | Snake:3  | Reached skill level 18 in Fighting
 47635 | Snake:3  | Noticed Norris
 47914 | Snake:3  | Killed Norris
 48922 | Snake:4  | Entered Level 4 of the Snake Pit
 48964 | Snake:4  | Noticed Asterion
 49240 | Snake:4  | Killed Asterion
 49578 | Snake:4  | Gained mutation: You have a pair of large antennae on your head (SInv). [demonic ancestry]
 49578 | Snake:4  | Reached XP level 18. HP: 73/174 MP: 10/22
 49964 | Snake:4  | Found Coeshrio's Commerce Corner.
 50059 | Snake:4  | Reached skill level 19 in Fighting
 52239 | Snake:4  | Reached skill level 20 in Fighting
 52911 | Snake:4  | Got a serpentine rune of Zot
 53875 | D:8      | Bought a tiny brass amulet for 130 gold pieces
 53875 | D:8      | Bought a scroll labeled XAIPRU RAYREO for 26 gold pieces
 53881 | D:8      | Got a transparent plate armour
 53892 | D:8      | Identified the +6 plate armour of the Shoals {Int+6} (You acquired it on level 8 of the Dungeon)
 54093 | Elf:1    | Entered Level 1 of the Elven Halls
 54352 | Elf:1    | Reached skill level 21 in Fighting
 54474 | Elf:1    | Found an ancient bone altar of Kikubaaqudgha.
 54690 | Elf:1    | Reached XP level 19. HP: 184/189 MP: 23/23
 54833 | Elf:1    | Found Oduof's Antique Weapon Shoppe.
 55408 | Elf:2    | Found a magical portal.
 55426 | WizLab   | Entered Zonguldrok's Shrine
 55882 | WizLab   | Reached skill level 22 in Fighting
 56139 | WizLab   | Noticed an antique lich
 56191 | WizLab   | Killed an antique lich
 56272 | WizLab   | Identified the Guide on Attacks
 56923 | Elf:2    | Found a runed gate.
 56923 | Elf:2    | Found a runed gate.
 56924 | Elf:2    | Found a runed gate.
 57659 | Elf:2    | Reached skill level 23 in Fighting
 57947 | Elf:3    | Entered Level 3 of the Elven Halls
 58690 | Elf:3    | Gained mutation: You are very robust (+20% HP). [demonic ancestry]
 58690 | Elf:3    | Reached XP level 20. HP: 189/223 MP: 24/24
 59038 | Elf:3    | Got a translucent triple sword {slice}
 59040 | Elf:3    | Identified the +7 triple sword of the Lettuce {slice, +Inv MP+9} (You took it off a deep elf knight on level 3 of the Elven Halls)
 59198 | Elf:3    | Reached skill level 24 in Fighting
 59539 | Elf:3    | Got a wavering brass ring
 59547 | Elf:3    | Identified the ring of Domadoihof {+Blink rPois rF- Str+2} (You took it off a deep elf demonologist on level 3 of the Elven Halls)
 59589 | Elf:3    | Got an uncursed iridescent halberd {chop}
 59595 | Elf:3    | Identified the +8 halberd "Kuopn" {chop, *Noise rF+ MR+ Dex+2} (You took it off a deep elf archer on level 3 of the Elven Halls)
 59642 | Elf:3    | Got a translucent hand crossbow
 59643 | Elf:3    | Identified the +9 hand crossbow of the Orb {speed, rF+ Dex+4 SInv} (You found it on level 3 of the Elven Halls)
 59667 | Elf:3    | Got a jewelled ring mail
 59678 | Elf:3    | Identified the +0 ring mail of the Sun {rF+} (You found it on level 3 of the Elven Halls)
 59739 | Elf:3    | Identified the Collected Works on Contamination
 59763 | Elf:3    | Identified Sif Muna's Incunabulum of Supportive Cold
 59766 | Elf:3    | Identified Sif Muna's Disquisition on Lethal Clay
 59847 | Elf:3    | Identified Sif Muna's Almanac of Translocation and the Mountains
 60062 | Elf:3    | Identified a +4 rod of shadows (14/14) (You took it off a deep elf demonologist on level 3 of the Elven Halls)
 60066 | Elf:3    | Gained mutation: Your muscles are strong. (Str +2) [potion of beneficial mutation]
 60067 | Elf:3    | Gained mutation: You have large cloven feet. [potion of beneficial mutation]
 60380 | D:8      | Bought a warped shield for 285 gold pieces
 60390 | D:8      | Identified the +0 shield "Xowioxu" {+Blink rF++ rC+++ Str-4} (You bought it in a shop on level 8 of the Dungeon)
 60704 | Vaults:1 | Entered Level 1 of the Vaults
 60736 | Vaults:1 | Found Yclaosmo's Antique Weapon Boutique.
 60768 | Vaults:1 | Noticed Nikola
 60819 | Vaults:1 | Killed Nikola
 62020 | Vaults:1 | Reached skill level 10 in Shields
 63413 | Vaults:1 | Got a fabulously ornate robe
 63526 | Vaults:2 | Identified the cursed +1 robe of the Bagpipe {rPois} (You found it on level 1 of the Vaults)
 63742 | D:10     | Bought a scroll of remove curse for 36 gold pieces
 63742 | D:10     | Bought a scroll of enchant armour for 90 gold pieces
 63742 | D:10     | Bought a scroll of recharging for 114 gold pieces
 63742 | D:10     | Bought a scroll of recharging for 114 gold pieces
 64079 | Vaults:2 | Reached XP level 21. HP: 234/234 MP: 25/25
 64232 | Vaults:2 | Found Lase's Food Boutique.
 64238 | Vaults:2 | Bought a bread ration for 55 gold pieces
 64238 | Vaults:2 | Bought a meat ration for 55 gold pieces
 64238 | Vaults:2 | Bought a bread ration for 55 gold pieces
 64238 | Vaults:2 | Bought 5 fruits for 82 gold pieces
 64238 | Vaults:2 | Bought a beef jerky for 16 gold pieces
 64238 | Vaults:2 | Bought a bread ration for 55 gold pieces
 64238 | Vaults:2 | Bought a bread ration for 55 gold pieces
 64238 | Vaults:2 | Bought a meat ration for 55 gold pieces
 64238 | Vaults:2 | Bought a royal jelly for 22 gold pieces
 64605 | Vaults:2 | Found a staircase to the Crypt.
 64800 | Vaults:2 | Found Hungoil's Food Boutique.
 64803 | Vaults:2 | Bought 4 fruits for 60 gold pieces
 64803 | Vaults:2 | Bought a bread ration for 50 gold pieces
 64803 | Vaults:2 | Bought a bread ration for 50 gold pieces
 64803 | Vaults:2 | Bought a slice of pizza for 15 gold pieces
 64803 | Vaults:2 | Bought 3 fruits for 45 gold pieces
 64803 | Vaults:2 | Bought 2 fruits for 30 gold pieces
 64803 | Vaults:2 | Bought a beef jerky for 15 gold pieces
 64803 | Vaults:2 | Bought a bread ration for 50 gold pieces
 64803 | Vaults:2 | Bought a slice of pizza for 15 gold pieces
 64803 | Vaults:2 | Bought a meat ration for 50 gold pieces
 64803 | Vaults:2 | Bought a meat ration for 50 gold pieces
 64803 | Vaults:2 | Bought a beef jerky for 15 gold pieces
 64803 | Vaults:2 | Bought a fruit for 15 gold pieces
 65098 | Vaults:2 | Found Faejisis's Magic Scroll Shop.
 65115 | Vaults:2 | Bought a scroll of identify for 34 gold pieces
 65115 | Vaults:2 | Bought a scroll of magic mapping for 59 gold pieces
 65115 | Vaults:2 | Bought a scroll of teleportation for 51 gold pieces
 65115 | Vaults:2 | Bought a scroll of immolation for 59 gold pieces
 65397 | Vaults:2 | Found Qomisutinn's Distillery.
 65405 | Vaults:2 | Bought 2 potions of heal wounds for 200 gold pieces
 65405 | Vaults:2 | Bought a potion of heal wounds for 100 gold pieces
 65405 | Vaults:2 | Bought a potion of curing for 60 gold pieces
 65405 | Vaults:2 | Bought 2 potions of curing for 120 gold pieces
 65405 | Vaults:2 | Bought a potion of curing for 60 gold pieces
 65405 | Vaults:2 | Bought a potion of curing for 60 gold pieces
 66040 | Vaults:3 | Got a spiked ring mail
 66041 | Vaults:3 | Identified the +0 ring mail of the Hidden Vale {Str+2} (You found it on level 3 of the Vaults)
 67150 | Vaults:3 | Got a wavering wooden ring
 67152 | Vaults:3 | Identified the ring of Ripteph {+Blink Dex+4 Stlth-} (You found it on level 3 of the Vaults)
 67395 | Vaults:3 | Reached skill level 15 in Shields
 68172 | Vaults:4 | Got a warped ring mail
 68173 | Vaults:4 | Identified the +1 ring mail of Trumpets {Int+2} (You acquired it on level 4 of the Vaults)
 68794 | Vaults:4 | Gained mutation: A demonic guardian rushes to your aid. [demonic ancestry]
 68794 | Vaults:4 | Reached XP level 22. HP: 242/242 MP: 26/26
 69973 | Snake:4  | Bought a +0 crystal plate armour for 1200 gold pieces
 70458 | Orc:2    | Bought a scroll of enchant armour for 112 gold pieces
 70458 | Orc:2    | Bought a scroll of enchant armour for 112 gold pieces
 70469 | Orc:2    | Bought a potion of resistance for 140 gold pieces
 70474 | Orc:2    | Bought a scroll of identify for 30 gold pieces
 70474 | Orc:2    | Bought a scroll of remove curse for 45 gold pieces
 70474 | Orc:2    | Bought a scroll of identify for 30 gold pieces
 70474 | Orc:2    | Bought a scroll of identify for 30 gold pieces
 70474 | Orc:2    | Bought a scroll of magic mapping for 52 gold pieces
 70474 | Orc:2    | Bought a scroll of magic mapping for 52 gold pieces
 70474 | Orc:2    | Bought a scroll of magic mapping for 52 gold pieces
 70683 | D:8      | Bought the ring of Secrets {rN+++ Str+2 Dex-5 SInv Stlth+} for 513 gold pieces
 71060 | Crypt:1  | Entered Level 1 of the Crypt
 72602 | Crypt:2  | Reached skill level 15 in Armour
 73408 | Crypt:3  | Entered Level 3 of the Crypt
 73649 | Crypt:3  | Noticed sefie's ghost (veteran TrWz)
 73695 | Crypt:3  | Killed sefie's ghost
 73768 | Crypt:3  | Found a basalt altar of Yredelemnul.
 74412 | Crypt:3  | Reached XP level 23. HP: 250/250 MP: 29/29
 74752 | Crypt:3  | Found a staircase to the Tomb.
 74752 | Crypt:3  | Noticed Jory
 74805 | Crypt:3  | Killed Jory
 74831 | Crypt:3  | Identified Feavapio's Catalogue of Stolen Souls and Heat
 75068 | Crypt:3  | Got a transparent iron amulet
 75070 | Crypt:3  | Identified the amulet "Hyjijad" {*Confuse rElec rF+ Regen+ Dex+4} (You found it on level 3 of the Crypt)
 75073 | Crypt:3  | Got a warped ivory ring
 75075 | Crypt:3  | Identified the ring of Cischisa {rN+ Dex+2} (You found it on level 3 of the Crypt)
 75082 | Crypt:3  | Identified the Disquisition on Stones
 75221 | Crypt:3  | Identified Kikubaaqudgha's Collected Works on Black Rituals (You found it on level 3 of the Crypt)
 75227 | Crypt:3  | Learned a level 2 spell: Sublimation of Blood
 75725 | D:8      | Bought the amulet of Ashenzari's Approval {Inacc rPois rN+ Str+6} for 318 gold pieces
 75927 | Depths:1 | Entered Level 1 of the Depths
 76101 | Depths:1 | Found a runed door.
 76332 | Depths:1 | Found a gateway to a ziggurat.
 76842 | Depths:1 | Found a runed door.
 77273 | Depths:1 | Identified Houweg's Volume of Harmful Ice
 78139 | Depths:2 | Gained mutation: A powerful demonic guardian rushes to your aid. [demonic ancestry]
 78139 | Depths:2 | Reached XP level 24. HP: 254/260 MP: 29/29
 78395 | Depths:2 | Noticed Sojobo
 78427 | Depths:2 | Killed Sojobo
 78557 | Depths:2 | Noticed a juggernaut
 78576 | Depths:2 | Killed a juggernaut
 78611 | Depths:2 | Noticed the Enchantress
 78635 | Depths:2 | Killed the Enchantress
 78849 | Depths:2 | Got a faerie dragon armour
 78850 | Depths:2 | Identified the +2 faerie dragon armour {rElec rF- Int+9 Stlth+} (You took it off the Enchantress on level 2 of the Depths)
 79013 | Depths:3 | Noticed a juggernaut
 79023 | Depths:3 | Noticed Aizul
 79360 | Depths:2 | Killed a juggernaut
 79476 | Depths:3 | Killed Aizul
 79843 | Depths:3 | Noticed Mennas
 79853 | Depths:3 | XOM: medium Hex miscast
 79854 | Depths:3 | XOM: swap monsters
 79892 | Depths:3 | Killed Mennas
 80060 | Depths:3 | Found a one-way gate to the infinite horrors of the Abyss.
 80168 | Depths:3 | Found a sparkling altar of Nemelex Xobeh.
 80420 | Depths:3 | Found a one-way gate leading to the halls of Pandemonium.
 80838 | Depths:4 | Found Liveam's Magic Scroll Shoppe.
 80910 | Depths:4 | Bought a scroll of fog for 50 gold pieces
 80910 | Depths:4 | Bought a scroll of teleportation for 75 gold pieces
 80910 | Depths:4 | Bought a scroll of recharging for 237 gold pieces
 81485 | Depths:4 | Gained mutation: You have supernaturally acute eyesight. [a shining eye]
 81486 | Depths:4 | Lost mutation: You have supernaturally acute eyesight. [a shining eye]
 81556 | Depths:4 | Noticed Saint Roka
 81597 | Depths:4 | Killed Saint Roka
 82069 | Depths:4 | Gained mutation: You are extremely robust (+30% HP). [demonic ancestry]
 82069 | Depths:4 | Reached XP level 25. HP: 197/289 MP: 29/29
 82165 | Depths:4 | Noticed Mara
 82167 | Depths:4 | Noticed P0WERM0DE's illusion
 82198 | Depths:4 | Killed Mara
 82731 | Depths:5 | Entered Level 5 of the Depths
 82962 | Depths:5 | Noticed a juggernaut
 82976 | Depths:5 | Killed a juggernaut
 83613 | Depths:5 | Found a gate to the Realm of Zot.
 84708 | D:8      | Bought a potion of resistance for 170 gold pieces
 84708 | D:8      | Bought a brass wand for 68 gold pieces
 84708 | D:8      | Bought a scroll of remove curse for 51 gold pieces
 84845 | Slime:1  | Entered Level 1 of the Pits of Slime
 86448 | Slime:3  | Gained mutation: You are dopey. (Int -2) [a shining eye]
 86999 | Slime:4  | Gained mutation: You possess an exceptional clarity of mind. [a shining eye]
 87548 | Slime:6  | Entered Level 6 of the Pits of Slime
 87591 | Slime:6  | Noticed the Royal Jelly
 87592 | Slime:6  | Hired Zeruus Pahorr the merfolk for 288 gold.
 87602 | Slime:6  | Killed the Royal Jelly
 87662 | Slime:6  | Gained mutation: You sometimes gain power by taking damage. [demonic ancestry]
 87662 | Slime:6  | Reached XP level 26. HP: 179/298 MP: 29/29
 87747 | Slime:6  | Reached skill level 25 in Armour
 87761 | Slime:6  | Gained mutation: Your magical capacity is low (-10% MP). [a shining eye]
 87764 | Slime:6  | Gained mutation: Scrolls take you a little longer to read. [a shining eye]
 88450 | Slime:6  | Got a vibrating sapphire amulet
 88453 | Slime:6  | Identified the amulet of Garohygh {Reflect rC+ Dex+6 SH+4} (You found it on level 6 of the Pits of Slime)
 88505 | Slime:6  | Got a coiled emerald amulet
 88521 | Slime:6  | Identified Fuazoysm's Collected Works on Floating Boosts
 88555 | Slime:6  | Identified the amulet "Lutwaac" {Faith Str+4} (You found it on level 6 of the Pits of Slime)
 88621 | Slime:6  | Got a flickering platinum amulet
 88624 | Slime:6  | Identified the amulet "Qulong" {Spirit rF+ rC+ Str+3} (You found it on level 6 of the Pits of Slime)
 88625 | Slime:6  | Got a slimy rune of Zot
 89368 | D:8      | Learned a level 8 spell: Controlled Blink
 89372 | D:8      | Learned a level 3 spell: Regeneration
 89909 | Vaults:5 | Entered Level 5 of the Vaults
 90200 | Vaults:5 | Reached skill level 15 in Dodging
 91338 | Vaults:5 | Got a slimy ivory ring
 91342 | Vaults:5 | Got a silver rune of Zot
 91349 | Vaults:5 | Identified the ring "Olot" {Fire Int+6} (You found it on level 5 of the Vaults)
 91448 | Vaults:5 | Identified the Incunabulum of Flamy Damage Dealing
 91517 | Vaults:5 | Identified Aryfema's Incunabulum of Shape Shifting and the Oath
 91556 | Vaults:5 | Got a sparkling steel ring
 91559 | Vaults:5 | Identified the ring "Qoahug" {+Inv rPois Int+5} (You took it off an ogre mage on level 5 of the Vaults)
 91573 | Vaults:5 | Got a slimy lapis lazuli ring
 91574 | Vaults:5 | Identified the ring of Elyvilon's Favour {Wiz MR+ Str+4 Slay+3} (You found it on level 5 of the Vaults)
 91735 | Vaults:5 | Gained mutation: You are powered by pain. [demonic ancestry]
 91735 | Vaults:5 | Reached XP level 27. HP: 305/305 MP: 26/26
 92261 | Vaults:5 | Got an ebony eveningstar {speed}
 92262 | Vaults:5 | Identified the cursed +2 eveningstar "Keommatz" {speed, SInv} (You took it off an ogre mage on level 5 of the Vaults)
 92710 | Zot:1    | Entered Level 1 of the Realm of Zot
 92778 | Zot:1    | Noticed an orb of fire
 92808 | Zot:1    | Killed an orb of fire
 92824 | Zot:1    | Reached skill level 5 in Spellcasting
 93590 | Zot:1    | Reached skill level 10 in Spellcasting
 94521 | Zot:2    | Gained mutation: Your spells are a little harder to cast, but a little more powerful. [helix card]
 94951 | Zot:2    | Noticed an orb of fire
 96909 | Zot:5    | Entered Level 5 of the Realm of Zot
 96991 | Zot:5    | Reached skill level 15 in Spellcasting
 97039 | Zot:5    | Noticed an ancient lich
 97053 | Zot:5    | Killed an ancient lich
 97202 | Zot:5    | Noticed an ancient lich
 97217 | Zot:5    | Killed an ancient lich
 97435 | Zot:5    | Noticed an ancient lich
 97466 | Zot:5    | Killed an ancient lich
 97470 | Zot:5    | Noticed an orb of fire
 97485 | Zot:5    | Gained mutation: You have a beak for a mouth. [an orb of fire]
 97492 | Zot:5    | Gained mutation: You evolve. [an orb of fire]
 97503 | Zot:5    | Killed an orb of fire
 97924 | Zot:5    | Noticed an ancient lich
 97955 | Zot:5    | Killed an ancient lich
 97987 | Zot:5    | Noticed an ancient lich
 97992 | Zot:5    | Noticed an orb of fire
 98027 | Zot:5    | Killed an orb of fire
 98031 | Zot:5    | Killed an ancient lich
 98040 | Zot:5    | Noticed an orb of fire
 98058 | Zot:5    | Killed an orb of fire
 98092 | Zot:5    | Gained mutation: Your system is resistant to poisons. [evolution]
 98320 | Zot:5    | Noticed an orb of fire
 98325 | Zot:5    | Gained mutation: You are very dopey. (Int -4) [an orb of fire]
 98328 | Zot:5    | Gained mutation: Your body sometimes deteriorates upon taking damage. [an orb of fire]
 98347 | Zot:5    | Killed an orb of fire
 98470 | Zot:5    | Noticed an orb of fire
 98472 | Zot:5    | Gained mutation: Armour fits poorly on your strangely shaped body. [an orb of fire]
 99434 | D:8      | Bought a meat ration for 50 gold pieces
 99434 | D:8      | Bought a meat ration for 50 gold pieces
 99434 | D:8      | Bought a meat ration for 50 gold pieces
 99434 | D:8      | Bought a meat ration for 50 gold pieces
 99557 | D:12     | Learned a level 6 spell: Haste
 99563 | D:12     | Learned a level 5 spell: Silence
 99669 | D:8      | Learned a level 9 spell: Tornado
 99687 | D:8      | Got an ichor-stained crystal plate armour
 99698 | D:8      | Identified the +5 crystal plate armour "Wefecem" {MR- rCorr Int+3 Dex+5} (You acquired it on level 8 of the Dungeon)
 99727 | D:8      | Bought a potion of cure mutation for 910 gold pieces
 99727 | D:8      | Bought a scroll of blinking for 195 gold pieces
 99948 | Depths:1 | Reached skill level 1 in Charms
100053 | Depths:3 | Voluntarily entered the Abyss.
100747 | Abyss:1  | Reached skill level 5 in Charms
101062 | Abyss:2  | Gained mutation: Scrolls take you longer to read. [a neqoxec]
101947 | Abyss:2  | Found a corrupted altar of Lugonu.
102027 | Abyss:4  | Got an abyssal rune of Zot
102290 | Abyss:4  | Paralysed by accursed screaming for 1 turns
102303 | Abyss:4  | Reached skill level 10 in Charms
102448 | Abyss:4  | Noticed an ancient lich
102534 | Depths:3 | Escaped the Abyss
102787 | Depths:3 | Lost mutation: Scrolls take you longer to read. [potion of cure mutation]
102787 | Depths:3 | Lost mutation: Your body sometimes deteriorates upon taking damage. [potion of cure mutation]
102787 | Depths:3 | Lost mutation: You are very dopey. (Int -4) [potion of cure mutation]
102787 | Depths:3 | Lost mutation: Armour fits poorly on your strangely shaped body. [potion of cure mutation]
102787 | Depths:3 | Lost mutation: Your magical capacity is low (-10% MP). [potion of cure mutation]
102878 | Pan      | Entered Pandemonium
103745 | Pan      | Noticed Dynufyunn the pandemonium lord
103786 | Pan      | Your ally Zeruus Pahorr died
103801 | Pan      | Killed Dynufyunn the pandemonium lord
104484 | Pan      | Gained mutation: Your natural rate of healing is unusually fast. [evolution]
104601 | Pan      | Found an exit through the horrors of the Abyss.
104945 | Pan      | Noticed Qitsuoku the pandemonium lord
104974 | Pan      | Killed Qitsuoku the pandemonium lord
105263 | Pan      | Got a demonic rune of Zot
105278 | Pan      | Found an exit through the horrors of the Abyss.
105374 | Pan      | Lost mutation: Your natural rate of healing is unusually fast. [a neqoxec]
105413 | Pan      | Found a huge runed gate.
105749 | Pan      | Found an exit through the horrors of the Abyss.
105842 | Pan      | Lost mutation: Your spells are a little harder to cast, but a little more powerful. [a cacodemon]
106590 | Pan      | Found a glowing silver altar of Zin.
106735 | Pan      | Hired Rotionoh the tengu for 114 gold.
106739 | Pan      | Your ally Rotionoh died
107722 | Pan      | Found a white marble altar of Elyvilon.
108610 | Pan      | Gained mutation: Your body sometimes deteriorates upon taking damage. [mutagenic glow]
108642 | Pan      | Noticed a seraph
108988 | Pan      | XOM: swap monsters
108989 | Pan      | XOM: swap monsters
108990 | Pan      | XOM: harmless Ice miscast
108991 | Pan      | XOM: swap monsters
109021 | Pan      | Killed a seraph
109201 | Pan      | Found a glowing golden altar of the Shining One.
109218 | Pan      | Identified Zusipob's Reference Book on Venomous Talismans (You found it in Pandemonium)
109264 | Pan      | Learned a level 8 spell: Chain Lightning
109266 | Depths:3 | Escaped Pandemonium
109268 | Pan      | Entered Pandemonium
109306 | Pan      | Gained mutation: You regenerate slowly when monsters are visible. [a cacodemon]
109455 | Pan      | Found an exit through the horrors of the Abyss.
109863 | Pan      | Reached skill level 5 in Translocations
109983 | Pan      | Noticed Namyhehull the pandemonium lord
109997 | Pan      | Killed Namyhehull the pandemonium lord
110046 | Pan      | Found an exit through the horrors of the Abyss.
110151 | Pan      | Gained mutation: You tend to lose your temper in combat. [a neqoxec]
110304 | Pan      | Noticed Ijaommes the pandemonium lord
110325 | Pan      | Killed Ijaommes the pandemonium lord
110424 | Pan      | Gained mutation: You are very dopey. (Int -4) [mutagenic glow]
110990 | Pan      | Reached skill level 10 in Translocations
111540 | Pan      | Found an exit through the horrors of the Abyss.
111709 | Pan      | Gained mutation: You expend magic power (3 MP) to strengthen your wands. [a neqoxec]
111969 | Pan      | Gained mutation: Your body often deteriorates upon taking damage. [a neqoxec]
112137 | Pan      | Gained mutation: You are agile. (Dex +2) [evolution]
112375 | Pan      | Lost mutation: You possess an exceptional clarity of mind. [potion of cure mutation]
112375 | Pan      | Lost mutation: You have large cloven feet. [potion of cure mutation]
112375 | Pan      | Lost mutation: Your body often deteriorates upon taking damage. [potion of cure mutation]
112375 | Pan      | Lost mutation: Your system is resistant to poisons. [potion of cure mutation]
112375 | Pan      | Lost mutation: Scrolls take you a little longer to read. [potion of cure mutation]
112376 | Pan      | Lost mutation: Your body sometimes deteriorates upon taking damage. [potion of cure mutation]
112376 | Pan      | Lost mutation: You are agile. (Dex +2) [potion of cure mutation]
112376 | Pan      | Lost mutation: Your muscles are strong. (Str +2) [potion of cure mutation]
112376 | Pan      | Lost mutation: You expend magic power (3 MP) to strengthen your wands. [potion of cure mutation]
112376 | Pan      | Lost mutation: You tend to lose your temper in combat. [potion of cure mutation]
112532 | Pan      | Found an exit through the horrors of the Abyss.
112594 | Pan      | Noticed Qutrump the pandemonium lord
112620 | Pan      | Killed Qutrump the pandemonium lord
112699 | Pan      | Lost mutation: You regenerate slowly when monsters are visible. [mutagenic glow]
113148 | Pan      | Found an exit through the horrors of the Abyss.
113331 | Pan      | Noticed Vocoiw the pandemonium lord
113361 | Pan      | Killed Vocoiw the pandemonium lord
113427 | Pan      | Got a shimmering dagger
113428 | Pan      | Identified the +4 dagger of the Evening {pierce, rC+ MR+ SInv} (You found it in Pandemonium)
114196 | Pan      | Reached skill level 15 in Translocations
114252 | Pan      | Noticed Xemp the pandemonium lord
114287 | Pan      | Killed Xemp the pandemonium lord
114706 | Pan      | Gained mutation: Scrolls take you a little longer to read. [a neqoxec]
114837 | Pan      | Found an exit through the horrors of the Abyss.
114854 | Pan      | Noticed Botic the pandemonium lord
114867 | Pan      | Killed Botic the pandemonium lord
115129 | Pan      | Gained mutation: You are clumsy. (Dex -2) [a neqoxec]
115322 | Pan      | Noticed Iwan the pandemonium lord
115339 | Pan      | Killed Iwan the pandemonium lord
115410 | Pan      | Gained mutation: Your flesh is cold resistant. [mutagenic glow]
115800 | Pan      | Found an exit through the horrors of the Abyss.
115850 | Pan      | Gained mutation: Armour fits poorly on your strangely shaped body. [a neqoxec]
115883 | Pan      | Gained mutation: Scrolls take you longer to read. [a neqoxec]
116238 | Pan      | Found an exit through the horrors of the Abyss.
116504 | Pan      | Noticed Ritemikh the pandemonium lord
116529 | Pan      | Upgraded the game from 0.18-a0-881-g990e6c6 to 0.18-a0-888-gdb73dea
116829 | Pan      | Found an exit through the horrors of the Abyss.
117110 | Pan      | Noticed Ubokkown the pandemonium lord
117314 | Pan      | Noticed Cecoal the pandemonium lord
117332 | Pan      | Killed Cecoal the pandemonium lord
118247 | Pan      | Noticed Zaj Moav the pandemonium lord
118271 | Pan      | Killed Zaj Moav the pandemonium lord
118539 | Pan      | Entered the realm of Mnoleg.
118539 | Pan      | Found an exit through the horrors of the Abyss.
118674 | Pan      | Noticed Mnoleg
118675 | Pan      | Gained mutation: You are very clumsy. (Dex -4) [a neqoxec]
118708 | Pan      | Gained mutation: Scrolls take you much longer to read. [a neqoxec]
118743 | Pan      | Killed Mnoleg
118767 | Pan      | Gained mutation: Your body sometimes deteriorates upon taking damage. [a neqoxec]
118777 | Pan      | Gained mutation: Your body often deteriorates upon taking damage. [a neqoxec]
118808 | Pan      | Got a glowing rune of Zot
118809 | Pan      | Lost mutation: Scrolls take you much longer to read. [potion of cure mutation]
118809 | Pan      | Lost mutation: Your body often deteriorates upon taking damage. [potion of cure mutation]
118809 | Pan      | Lost mutation: Armour fits poorly on your strangely shaped body. [potion of cure mutation]
118809 | Pan      | Lost mutation: You are very clumsy. (Dex -4) [potion of cure mutation]
118809 | Pan      | Lost mutation: Your flesh is cold resistant. [potion of cure mutation]
118910 | Pan      | Entered the realm of Gloorx Vloq.
119091 | Pan      | Lost mutation: Your body sometimes deteriorates upon taking damage. [potion of cure mutation]
119091 | Pan      | Lost mutation: Scrolls take you longer to read. [potion of cure mutation]
119091 | Pan      | Lost mutation: Scrolls take you a little longer to read. [potion of cure mutation]
119426 | Pan      | Noticed Gloorx Vloq
119474 | Pan      | Killed Gloorx Vloq
119479 | Pan      | Got a dark rune of Zot
119679 | Pan      | Entered the realm of Lom Lobon.
120158 | Pan      | Noticed Lom Lobon
120159 | Pan      | XOM: swap monsters
120160 | Pan      | XOM: swap monsters
120161 | Pan      | XOM: swap monsters
120162 | Pan      | XOM: swap monsters
120186 | Pan      | XOM: swap monsters
120187 | Pan      | XOM: swap monsters
120188 | Pan      | XOM: swap monsters
120191 | Pan      | XOM: swap monsters
120208 | Pan      | Killed Lom Lobon
120234 | Pan      | Got a magical rune of Zot
120352 | Pan      | Entered the realm of Cerebov.
120723 | Pan      | Noticed Cerebov
120762 | Pan      | Identified the Compendium of Fiery Combat Magic (You found it in Pandemonium)
120771 | Pan      | Learned a level 7 spell: Orb of Destruction
120968 | Pan      | XOM: swap monsters
120969 | Pan      | XOM: swap monsters
120970 | Pan      | XOM: mild Air miscast
120971 | Pan      | XOM: swap monsters
120972 | Pan      | XOM: swap monsters
120992 | Pan      | XOM: swap monsters
120996 | Pan      | XOM: swap monsters
121053 | Pan      | Killed Cerebov
121078 | Pan      | Got a fiery rune of Zot
121116 | Pan      | Got a transparent triple crossbow
121117 | Pan      | Identified the cursed +1 triple crossbow of the Dragonfly {elec, +Inv} (You found it in Pandemonium)
121121 | Pan      | Got a glittering iron ring
121122 | Pan      | Identified the ring "Osasm" {rElec rF+ rC+ rN+ Int+4} (You found it in Pandemonium)
121141 | Pan      | Got a jewelled scythe
121142 | Pan      | Identified the +3 scythe of the Scorpion {slice, rC+ rN+ Int+3} (You found it in Pandemonium)
121213 | Pan      | Learned a level 5 spell: Summon Forest
121263 | Pan      | Identified the Volume of Harmful Bewitchment (You found it in Pandemonium)
121404 | Pan      | Got a pitted helmet
121405 | Pan      | Identified the +1 helmet of Miracles {rF++ Str+2} (You found it in Pandemonium)
121442 | Pan      | Got a faintly glowing marble ring
121443 | Pan      | Identified the cursed ring "Ileerum" {-Tele rElec rN++ MR+ Str-2} (You found it in Pandemonium)
121625 | Pan      | Found an exit through the horrors of the Abyss.
121645 | Pan      | Took an exit into the Abyss.
121645 | Abyss:1  | Escaped into the Abyss
121651 | Depths:3 | Escaped the Abyss
121949 | D:8      | Bought a meat ration for 70 gold pieces
121949 | D:8      | Bought a meat ration for 70 gold pieces
122145 | Hell     | Entered the Vestibule of Hell
122145 | Hell     | Noticed Geryon
122167 | Hell     | Noticed Murray
122171 | Hell     | Reached skill level 1 in Air Magic
122703 | Hell     | Reached skill level 5 in Air Magic
122745 | Hell     | Killed Murray
123190 | Hell     | Killed Geryon
123286 | Hell     | Found a gateway to the Iron City of Dis.
123423 | Hell     | Found a gateway to the freezing wastes of Cocytus.
123467 | Coc:1    | Entered Level 1 of Cocytus
123766 | Coc:2    | Lost mutation: You are clumsy. (Dex -2) [evolution]
123950 | Coc:3    | Reached skill level 10 in Air Magic
124799 | Coc:7    | Entered Level 7 of Cocytus
124894 | Coc:7    | Noticed the Serpent of Hell
124959 | Coc:7    | Killed the Serpent of Hell
125677 | Coc:7    | Reached skill level 15 in Air Magic
125964 | Coc:7    | Got a jewelled hand crossbow
125965 | Coc:7    | Identified the cursed +0 hand crossbow "Ubues" {venom, rF+ Str+4 Stlth+} (You found it on level 7 of Cocytus)
126087 | Coc:7    | Noticed Antaeus
126090 | Coc:7    | XOM: 1-stop teleportation journey
126371 | Coc:7    | Killed Antaeus
126386 | Coc:7    | Got an icy rune of Zot
126670 | Hell     | Found a gateway to the decaying netherworld of Tartarus.
126944 | D:8      | Learned a level 6 spell: Statue Form
127163 | Tar:1    | Entered Level 1 of Tartarus
127670 | Tar:4    | Cast into level 2 of the Abyss (reaper)
127712 | Tar:4    | Escaped the Abyss
128360 | Tar:7    | Entered Level 7 of Tartarus
128603 | Tar:7    | Gained mutation: Your magical capacity is low (-10% MP). [a neqoxec]
128877 | Tar:7    | Got a flickering lead ring
128906 | Tar:7    | Reached skill level 1 in Earth Magic
128914 | Tar:7    | Identified the ring of Dururecuxa {rN+ MP-9 Slay+5 Stlth+} (You found it on level 7 of Tartarus)
129015 | Tar:7    | Got a spiked helmet
129016 | Tar:7    | Identified the +0 helmet of Anaesthesia {Dex+9 SInv} (You found it on level 7 of Tartarus)
129461 | Tar:7    | Reached skill level 5 in Earth Magic
129662 | Tar:7    | Noticed Ereshkigal
129694 | Tar:7    | Killed Ereshkigal
129748 | Tar:7    | Got a bone rune of Zot
129781 | Tar:7    | Lost mutation: Your magical capacity is low (-10% MP). [evolution]
129883 | Hell     | Found a gateway to the ashen valley of Gehenna.
129896 | Geh:1    | Entered Level 1 of Gehenna
130478 | Geh:3    | Reached skill level 10 in Earth Magic
130915 | Geh:7    | Entered Level 7 of Gehenna
131196 | Geh:7    | Noticed Asmodeus
131245 | Geh:7    | Killed Asmodeus
131253 | Geh:7    | Got a translucent golden ring
131254 | Geh:7    | Identified the ring "Kyemohigg" {*Confuse +Blink rF+ rN++ Int+4} (You found it on level 7 of Gehenna)
131258 | Geh:7    | Got an obsidian rune of Zot
131329 | Hell     | Bought a bread ration for 60 gold pieces
131329 | Hell     | Bought a meat ration for 60 gold pieces
131329 | Hell     | Bought a beef jerky for 18 gold pieces
131329 | Hell     | Bought a bread ration for 60 gold pieces
131329 | Hell     | Bought a bread ration for 60 gold pieces
131329 | Hell     | Bought a bread ration for 60 gold pieces
131329 | Hell     | Bought a beef jerky for 18 gold pieces
131329 | Hell     | Bought a bread ration for 60 gold pieces
131329 | Hell     | Bought a bread ration for 60 gold pieces
131329 | Hell     | Bought a bread ration for 60 gold pieces
131329 | Hell     | Bought a meat ration for 60 gold pieces
131329 | Hell     | Bought a fruit for 18 gold pieces
131329 | Hell     | Bought a beef jerky for 18 gold pieces
131338 | Dis:1    | Entered Level 1 of the Iron City of Dis
131631 | Dis:1    | You are sucked into a shaft!
132066 | Dis:7    | Entered Level 7 of the Iron City of Dis
132517 | Dis:7    | Reached skill level 15 in Earth Magic
133162 | Dis:7    | Noticed Dispater
133163 | Dis:7    | XOM: swap monsters
133242 | Dis:7    | XOM: swap monsters
133243 | Dis:7    | XOM: noise
133244 | Dis:7    | XOM: swap monsters
133245 | Dis:7    | XOM: swap monsters
133246 | Dis:7    | XOM: swap monsters
133266 | Dis:7    | XOM: swap monsters
133270 | Dis:7    | XOM: enchant monster (bad)
133270 | Dis:7    | Gained mutation: You are weak. (Str -2) [a cacodemon]
133271 | Dis:7    | XOM: severe Trmt miscast
133281 | Dis:7    | Identified Sif Muna's Compendium of Fire
133297 | Dis:7    | XOM: swap monsters
133298 | Dis:7    | XOM: swap monsters
133337 | Dis:7    | Killed Dispater
133362 | Dis:7    | Got a pitted ivory ring
133364 | Dis:7    | Identified the ring of Volen {rF+ rN+ Stlth+} (You took it off Dispater on level 7 of the Iron City of Dis)
133441 | Dis:7    | Got an iron rune of Zot
133706 | Hell     | Reached skill level 1 in Transmutations
134327 | Tomb:1   | Entered Level 1 of the Tomb of the Ancients
134695 | Tomb:1   | Reached skill level 5 in Transmutations
136531 | Tomb:2   | Reached skill level 10 in Transmutations
138195 | Tomb:1   | Lost mutation: You are very dopey. (Int -4) [evolution]
138859 | Tomb:3   | Entered Level 3 of the Tomb of the Ancients
140481 | Tomb:3   | Reached skill level 15 in Transmutations
140715 | Tomb:3   | Got a golden rune of Zot
141487 | Zot:5    | Bought a meat ration for 55 gold pieces
141487 | Zot:5    | Bought a meat ration for 55 gold pieces
141487 | Zot:5    | Bought a meat ration for 55 gold pieces
141487 | Zot:5    | Bought a bread ration for 55 gold pieces
141500 | Zot:5    | Got the Orb of Zot
142109 | D:$      | Escaped with the Orb!

Vault maps used:
D:1:      dpeg_arrival_pits
D:2:      ecumenical_altar_1, serial_bayou_pond_b,
          minmay_misc_feat_secret_circle
D:3:      kennysheep_the_goblin_king, first_bread
D:4:      gammafunk_temple_overflow_statue, gammafunk_temple_overflow_wave
D:5:      nicolae_ru_path_of_blood, serial_shops, shop, kennysheep_crisscross,
          lemuel_flamethrower_2, uniq_edmund
D:6:      nicolae_gozag_zags_fifth_avenue, uniq_grinder, uniq_duvessa
D:7:      minmay_temple_entry_mist, basic_altar, grunt_pakellas_mercury
D:8:      minmay_lair_entry_lava, basic_altar, grunt_pizzeria
D:10:     serial_shops, nicolae_shop_stone, uniq_urug
D:11:     basic_altar
D:12:     orc_0_dummy, hangedman_abyss_or_decor_stagger, spider_trap,
          minmay_hidden_floor, uniq_josephine
D:13:     uniq_maud
D:14:     david_vaults_5, kennysheep_cluttered_room, disabler_island
D:15:     grunt_enter_depths_snipers, serial_park_avenue1
Lair:1:   beast_lair_carwin_3
Lair:2:   basic_altar, zaba_antful_of_joy
Lair:4:   serial_forest, infiniplex_forest_clump_medium,
          infiniplex_forest_lined_corner, infiniplex_forest_straight_4,
          infiniplex_forest_clump_diagonal, infiniplex_forest_clump_C,
          infiniplex_forest_end_2, infiniplex_forest_clump_tiny,
          infiniplex_forest_straight_3, infiniplex_forest_lined_room_2,
          serial_bayou_shore_b
Lair:5:   statuecave_lemuel, minmay_swamp_entry_worms,
          small_statue_intersection, minmay_lindwurm_lava, grunt_megastairs_4
Lair:6:   guppyfry_snake_entry_island, st_stairs_5
Lair:7:   slime_altar_1, minivault_26
Lair:8:   evil_forest, ice2_lemuel
Swamp:1:  evilmike_swamp_ruin_house_5, swamp_pool2
Swamp:2:  evilmike_swamp_ruin_house_2, nicolae_swamp_oklob_treasure_island
Swamp:3:  evilmike_swamp_ruin_house_4
Swamp:4:  swamp_old_school
Snake:1:  hangedman_snake_thin_pillar_pass
Snake:2:  basic_stair_grate_trap, uniq_louise
Snake:3:  uniq_norris
Snake:4:  johnstein_snake_rune_scales, nicolae_alphabet_shops, uniq_asterion
Orc:1:    serial_shops, nicolae_shop_stone, nicolae_shop_statue_plus, shop
Orc:2:    st_orc_pillars, lab_entry_generic, basic_altar, elf_legates
Elf:1:    eino_elf_arrival_the_gate, serial_shops, shop, basic_altar,
          minmay_elf_crystal_hexagon
Elf:2:    infiniplex_enter_wizlab_glasses
Elf:3:    elf_hall
Vaults:1: grunt_vaults_swirl, vaults_room_semicircle,
          nicolae_vaults_mini_display_case, vaults_mumra_minichess_inversion,
          st_octagons_1, nicolae_vaults_little_squares_5, v_misc_5,
          hangedman_vaults_corner_blocks, serial_shops, shop, uniq_nikola
Vaults:2: hangedman_vaults_unwind, minmay_crypt_entry_simple_box, v_misc_2,
          vaults_room_grunt_arrival_ludios, ontoclasm_vaults_idyll,
          vaults_room_corners, nicolae_vaults_little_ls, nicolae_vaults_big_ls,
          stair_cage_open, vaults_room_fours, ontoclasm_vaults_claustrophobia,
          ontoclasm_vaults_ligature, serial_shops, nicolae_shop_crystal,
          nicolae_shop_behind_doors, shop, shop
Vaults:3: dpeg_vaults_waves, vaults_room_octagon,
          ontoclasm_vaults_decontamination, v_misc_30,
          vaults_mumra_chevron_long, vaults_standard_mumra_lines,
          hangedman_vaults_cutoff, v_misc_3, nicolae_vaults_sealed_display,
          nicolae_vaults_three_branches, vaults_dpeg_encased_lava,
          vaults_room_large_hall, vaults_mumra_lcd
Vaults:4: st_cross, nicolae_vaults_little_squares_3, hangedman_vaults_nodes,
          nicolae_vaults_little_squares_2, nicolae_vaults_ninety_degrees,
          vaults_room_grid, nicolae_vaults_ring_of_whatevers,
          ontoclasm_vaults_twist, grunt_vaults_hallway_short,
          vaults_room_door_ring, v_misc_31, hangedman_vaults_trim,
          hangedman_vaults_impose
Crypt:2:  st_small_mortuary
Crypt:3:  grunt_crypt_end_deaths_head
Depths:1: minmay_expanding_circles, enter_ziggurat_f, hell_entry,
          kennysheep_nondescript, minmay_misc_feat_rows, minivault_16,
          kennysheep_generic_room_4
Depths:2: hangedman_arch_fort, pf_hell_entry_tar_river, minmay_misc_feat_alley,
          grunt_ministairs_5, spider_trap, uniq_sojobo, uniq_enchantress
Depths:3: hourglass_vault, kennysheep_another_room, abyss_entry_crystal,
          pf_dread_powers_of_hell, rand_demon_pan_entry_8,
          nemelex_xobeh_ov_fountains_minmay, infiniplex_staircase_hallway_doors,
          uniq_mennas, uniq_aizul
Depths:4: hangedman_screamer, abyss_entry, serial_shops, shop_coins,
          serial_sigils, serial_sigils_hangedman_scar,
          serial_sigils_hangedman_scratch, serial_sigils_hangedman_stare,
          serial_sigils_hangedman_clutch, serial_sigils_hangedman_snap,
          serial_sigils_hangedman_gut, hangedman_coc_ice_floe,
          minmay_misc_feat_encased, uniq_saint_roka, uniq_mara
Depths:5: grunt_twist_and_shout, grunt_hell_entry_dis_mu, minmay_misc_feat_tower
Dis:2:    grunt_megastairs_2
Dis:4:    lemuel_elevator
Dis:5:    door_vault
Dis:7:    dis_grunt_layers
Geh:5:    lemuel_flamethrower_3
Geh:7:    geh_grunt_pentagon
Coc:5:    grunt_deathspiral_small
Coc:7:    coc_dpeg
Tar:2:    grunt_megastairs_5, lemuel_elevator
Tar:7:    tar_mu
Zot:2:    kennysheep_blocky_room, nrook_zot_tub
Zot:3:    stair_cage_line
Zot:4:    grunt_ministairs_14
Zot:5:    grunt_ministairs_8, lemuel_baited_zot_trap
Abyss:1:  evilmike_abyss_exit_11, hangedman_abyss_or_decor_lesser_grid
Abyss:2:  evilmike_abyss_exit_6, minivault_24, evilmike_abyss_exit_13
Abyss:3:  evilmike_abyss_exit_14, grunt_abyss_rune_wretched_hive
Abyss:4:  minivault_27, hangedman_decor_lopped,
          evilmike_abyss_rune_tentacle_tunnel, onia_ninara_dug_in_and_dangerous
Pan:      rand_demon_2, pan_blood_fountain_small, evilmike_mini_pan_thingy,
          rand_demon_1, pan_blood_fountain, nicolae_pan_sigil_uleosi,
          evilmike_mini_pan_branches, pan_blood_fountain_2,
          grunt_pan_in_and_out, nicolae_pan_giant_door, pan_blood_fountain,
          nicolae_pan_mnolegish_2, evilmike_mini_pan_doors,
          pan_blood_fountain_2, nicolae_pan_mnolegish_3, rand_demon_8,
          evilmike_holy_pan, lemuel_hellion_island, pan_blood_fountain_small,
          evilmike_mini_pan_doors_b, pan_blood_fountain_2,
          pan_blood_fountain_small, evilmike_mini_pan_doors_b, pan_disco_hall,
          rand_demon_4, reaverb_pan_figure_eight, nicolae_pan_mnolegish_4,
          evilmike_mini_pan_corner, pan_blood_fountain_small,
          pan_blood_fountain_2, nicolae_pan_mnolegish_5, rand_demon_3,
          evilmike_mini_pan_thingy, rand_demon_7,
          evilmike_mini_pan_possible_glass, evilmike_mini_pan_V,
          pan_blood_fountain_2, pan_blood_fountain_small,
          evilmike_mini_pan_other_thingy, rand_demon_8,
          nicolae_pan_cerebovesque_2, rand_demon_6, rand_demon_4,
          nicolae_pan_glass_arcs, pan_blood_fountain_small,
          nicolae_pan_giant_door, pan_blood_fountain_small,
          evilmike_mini_pan_doors, nicolae_pan_hourglass,
          nicolae_pan_sigil_itan, rand_demon_8, lemuel_draining_boxes,
          nicolae_pan_strange_glyphs, evilmike_mini_pan_3x3,
          pan_blood_fountain_small, nicolae_pan_cerebovesque_3,
          nicolae_pan_sigil_obb, grunt_pan_in_and_out, pan_blood_fountain_small,
          pan_captured_pigsty, nicolae_pan_sigil_uleosi, evilmike_mini_pan_T,
          evilmike_mini_pan_other_thingy, nicolae_pan_sick_transit, mnoleg,
          nicolae_pan_cerebovesque_1, gloorx_vloq_grunt_torture_chamber,
          pan_blood_fountain_small, lom_lobon_st, evilmike_cerebov_lava
Lab:      labyrinth_mini_lab, nicolae_lab_swirl
WizLab:   wizlab_zonguldrok

Action                   |  1- 3 |  4- 6 |  7- 9 | 10-12 | 13-15 | 16-18 | 19-21 | 22-24 | 25-27 || total
-------------------------+-------+-------+-------+-------+-------+-------+-------+-------+-------++-------
Melee: Dagger            |   110 |   136 |   334 |       |       |       |       |       |       ||   580
       Club              |     7 |       |       |       |       |       |       |       |       ||     7
       Lance             |       |       |   249 |  1098 |  2834 |  3745 |  4335 |  4630 | 16436 || 33327
 Fire: Blowgun           |       |       |       |       |    23 |       |       |       |       ||    23
       Hand crossbow     |       |       |       |       |       |       |       |       |     4 ||     4
 Cast: Shroud of Golubri |       |       |       |     2 |       |       |       |       |       ||     2
       Sting             |       |       |       |       |     4 |       |       |       |       ||     4
       Blink             |       |       |       |       |     2 |       |       |       |    18 ||    20
       Apportation       |       |       |       |       |     2 |       |       |       |     2 ||     4
       Regeneration      |       |       |       |       |       |       |       |       |   183 ||   183
       Haste             |       |       |       |       |       |       |       |       |    91 ||    91
       Phase Shift       |       |       |       |       |       |       |       |       |    33 ||    33
       Silence           |       |       |       |       |       |       |       |       |    24 ||    24
       Controlled Blink  |       |       |       |       |       |       |       |       |     4 ||     4
       Summon Forest     |       |       |       |       |       |       |       |       |     1 ||     1
Invok: Potion Petition   |       |     1 |       |       |       |       |       |       |     1 ||     2
       Call Merchant     |       |       |       |     2 |     4 |     3 |     1 |     2 |     9 ||    21
       Bribe Branch      |       |       |       |       |       |       |       |       |     1 ||     1
 Abil: Evoke Berserk Rag |       |       |       |     3 |     1 |     1 |       |     1 |     3 ||     9
       Evoke Flight      |       |       |       |       |       |     5 |       |       |       ||     5
       Evoke Invisibilit |       |       |       |       |       |       |     3 |       |     8 ||    11
Evoke: Wand              |       |       |     2 |     2 |     7 |     7 |     6 |     4 |    45 ||    73
       Phantom mirror    |       |       |       |       |       |     1 |       |       |       ||     1
       Disc of storms    |       |       |       |       |       |       |     3 |       |    30 ||    33
       Piece from Xom's  |       |       |       |       |       |       |       |     2 |    32 ||    34
       Deck              |       |       |       |       |       |       |       |       |     5 ||     5
       Box of beasts     |       |       |       |       |       |       |       |       |     2 ||     2
       Crystal ball of e |       |       |       |       |       |       |       |       |     1 ||     1
  Use: Potion            |     1 |     2 |       |     1 |       |     1 |     4 |     1 |    29 ||    39
       Scroll            |       |     1 |     3 |    11 |    15 |    12 |    15 |    18 |    65 ||   140
 Stab: Sleeping          |     2 |     1 |     3 |     4 |     5 |       |       |       |       ||    15
       Distracted        |       |     2 |     3 |    10 |    22 |    26 |    41 |    48 |   144 ||   296
       Paralysed         |       |       |       |       |    11 |     5 |       |       |       ||    16
       Invisible         |       |       |       |       |       |       |    17 |       |    59 ||    76
       Confused          |       |       |       |       |       |       |       |       |    13 ||    13
  Eat: Meat ration       |     1 |       |     2 |     2 |     3 |     3 |       |     3 |    41 ||    55
       Chunk             |     1 |       |       |       |       |       |       |       |       ||     1
       Bread ration      |       |     1 |     3 |     1 |     8 |     3 |     9 |     4 |    13 ||    42
       Beef jerky        |       |       |     1 |       |     2 |     7 |     4 |     2 |    17 ||    33
       Fruit             |       |       |       |     2 |     6 |     6 |     5 |     7 |     6 ||    32
       Pizza             |       |       |       |     8 |     1 |     2 |       |     1 |     8 ||    20
       Royal jelly       |       |       |       |       |     1 |     5 |     1 |     1 |       ||     8
